 Dungeon Crawl Stone Soup version 0.30.1-11-g7821555f0a (webtiles) character file.

Game seed: 5946443147116365704

91 FakeRyeBread the Chopper (level 4, -2/41 HPs)
             Began as a Minotaur Fighter on Jan 5, 2024.
             Killed by nerve-wracking pain
             ... invoked by an orc priest
              (12 damage)
             ... on level 3 of the Dungeon on Jan 9, 2024.
             The game lasted 00:05:24 (2123 turns).

FakeRyeBread the Chopper (Minotaur Fighter)         Turns: 2123, Time: 00:05:24

Health: -2/41      AC: 14    Str: 22    XL:     4   Next: 33%
Magic:  3/3        EV:  8    Int:  5    God:
Gold:   132        SH:  4    Dex: 10    Spells: 3/3 levels left

rFire   . . .        a - +0 war axe
rCold   . . .        c - +0 buckler
rNeg    . . .        m - +0 chain mail
rPois   .            (helmet restricted)
rElec   .            j - +0 cloak
rCorr   .            f - +0 pair of gloves
SInv    .            o - +2 pair of boots
Will    .....        (no amulet) Stlth
                     (no ring)
HPRegen 0.26/turn    (no ring)
MPRegen 0.08/turn

%: no passive effects
@: no status effects
A: horns 2, retaliatory headbutt
a: no special abilities


You were on level 3 of the Dungeon.
You visited 1 branch of the dungeon, and saw 3 of its levels.

You collected 132 gold pieces.

Inventory:

Hand Weapons
 a - a +0 war axe (weapon)
Armour
 c - a +0 buckler (worn)
 f - a +0 pair of gloves (worn)
 j - a +0 cloak (worn)
 m - a +0 chain mail (worn)
 o - a +2 pair of boots (worn)
Scrolls
 e - a scroll of enchant armour {unknown}
 g - a scroll of teleportation
 h - a scroll of magic mapping
 l - a scroll of identify
Potions
 b - a potion of ambrosia
 d - 2 potions of might
 i - a potion of haste
 n - 4 potions of lignification


   Skills:
 + Level 4.6 Fighting
 * Level 4.8 Axes
 - Level 3.6 Armour
 - Level 3.6 Shields


You had 3 spell levels left.
You didn't know any spells.
Your spell library was empty.

Dungeon Overview and Level Annotations

Branches:
Dungeon (3/15)

Altars:
Xom

Shops:
D:3 (


Innate Abilities, Weirdness & Mutations

You have a pair of horns on your head.
You reflexively headbutt those who attack you in melee.


Message History

You barely miss the goblin. You headbutt the goblin.
You kill the goblin!
No target in view!
Things that are here:
a +0 dagger; a goblin corpse You see here a +0 hand axe.
An orc comes into view. It is wielding a +0 hand axe.
The orc shouts!
An orc priest and an orc wizard come into view.
The orc priest shouts!
The orc wizard shouts!
The orc priest moves out of view.
The orc priest calls down the wrath of Beogh upon you.
Beogh smites you!
You hit the orc.
The orc is moderately wounded.
You slash the orc!
You kill the orc!
The orc priest calls down the wrath of Beogh upon you.
Beogh smites you!
You are too injured to fight recklessly!
You are too injured to fight recklessly!
You are too injured to fight recklessly!
You are too injured to fight recklessly!
You are too injured to fight recklessly!
You are too injured to fight recklessly!
You closely miss the orc wizard. Your headbutt misses the orc wizard.
The orc wizard hits you but does no damage. x2
You miss the orc wizard. Your headbutt misses the orc wizard.
The orc wizard hits you but does no damage.
The orc priest invokes the aid of Beogh against you.
Beogh smites you!
* * * LOW HITPOINT WARNING * * *
You hit the orc wizard.
The orc wizard is moderately wounded.
You hit the orc priest but do no damage.
You closely miss the orc wizard.
The orc wizard hits you but does no damage.
The orc priest mumbles some strange prayers to Beogh against you.
Pain shoots through your body!
You die...

## ... .... .....
###...<.. ####@o.#.#
.######...o###.#
......#.#### #.#
###....### #.#
#........####.#
#......)...##.#
#.......)##.##.##
.........##.....####
##.......#####.....#####


You could see an orc priest and an orc wizard.

Vanquished Creatures
  An iguana (D:3)
  A dart slug (D:3)
  An orc (D:3)
  10 ball pythons
  2 bats (D:1)
  6 endoplasms
  2 giant cockroaches (D:1)
  9 goblins
  4 hobgoblins
  4 jackals (D:3)
  3 quokkas
  7 kobolds
  5 rats
55 creatures vanquished.

Notes
Turn   | Place    | Note
-------+----------+-------------------------------------------
     0 | D:1      | FakeRyeBread the Minotaur Fighter began the quest for the
                  | Orb.
     0 | D:1      | Reached XP level 1. HP: 19/19 MP: 0/0
   223 | D:1      | Found a faded altar of an unknown god.
   299 | D:1      | Reached XP level 2. HP: 27/27 MP: 1/1
  1154 | D:2      | Reached XP level 3. HP: 33/33 MP: 2/2
  1495 | D:2      | Found a shimmering altar of Xom.
  1984 | D:3      | Found Muedopsiwk's Antique Weapon Emporium.
  2017 | D:3      | Reached XP level 4. HP: 41/41 MP: 3/3
  2123 | D:3      | Killed from afar by an orc priest

Illustrated notes

Levels and vault maps discovered:
D:1:      eino_arrival_water_star, layout_basic,
          shapermc_ecumenical_altar_mp_urbaneastern
D:2:      kennysheep_the_goblin_king, layout_basic, basic_altar,
          kennysheep_generic_room_8
D:3:      cheibrodos_old_hovel, layout_rooms, pdpol_wu_jian_five_deadly_venoms,
          serial_shops, nicolae_shop_window_shopping

Skill      XL: |  1  2  3 |
---------------+----------+-----
Axes           | 3 4 |  4.8
Fighting       | 4 |  4.6
Armour         | |  3.6
Shields        | |  3.6

Action                     |  1- 3 |  4- 6 || total
---------------------------+-------+-------++-------
  Melee: War axe           |    96 |    11 ||   107
         Headbutt          |     6 |     2 ||     8
    Use: Scroll            |     7 |       ||     7
 Armour: Scale mail        |    24 |       ||    24
         Chain mail        |    31 |     4 ||    35
  Dodge: Dodged            |    42 |     1 ||    43
  Block: Buckler           |    21 |     3 ||    24
